 Dungeon Crawl Stone Soup version 0.31.0-32-g396128a36d (webtiles) character file.

Game seed: 3853686489849113887

272 Minsecho the Cudgeller (level 6, -2/62 HPs)
             Began as an Oni Gladiator on Mar 16, 2024.
             Slain by a centaur (5 damage)
             ... on level 4 of the Dungeon.
             The game lasted 00:06:03 (2565 turns).

Minsecho the Cudgeller (Oni Gladiator)              Turns: 2565, Time: 00:06:05

Health: -2/62      AC:  3    Str: 27    XL:     6   Next: 23%
Magic:  6/6        EV: 10    Int:  9    God:
Gold:   38         SH:  0    Dex: 10    Spells: 5/5 levels left

rFire   . . .        a - +0 flail
rCold   . . .        (no shield)
rNeg    . . .        b - +0 robe
rPois   .            c - +0 hat
rElec   .            (no cloak)
rCorr   .            (gloves unavailable)
SInv    +            (boots unavailable)
Will    .....        (no amulet)
Stlth   +            o - +6 ring of strength
HPRegen 0.30/turn    w - ring of see invisible
MPRegen 0.10/turn

%: no passive effects
@: attractive
A: large, unfitting armour, horns 1, tough skin 1, double potion healing,
drunken brawling
a: no special abilities


You were on level 4 of the Dungeon.
You visited 1 branch of the dungeon, and saw 4 of its levels.

You collected 135 gold pieces.
You spent 97 gold pieces at shops.

Inventory:

Hand Weapons
 a - a +0 flail (weapon)
Missiles
 d - 3 throwing nets
 e - a large rock
 m - an atropa-tipped dart
 n - 10 poisoned darts (quivered)
Armour
 b - a +0 robe (worn)
 c - a +0 hat (worn)
Jewellery
 h - a ring of positive energy
 o - a +6 ring of strength (left hand)
 w - a ring of see invisible (right hand)
 z - a ring of wizardry
Wands
 x - a wand of polymorph (3)
Scrolls
 f - 2 scrolls of noise
 k - a scroll of blinking {unknown}
 q - 3 scrolls of enchant armour {unknown}
 r - a scroll of teleportation
 u - 2 scrolls of fog {unknown}
 y - 3 scrolls of amnesia
Potions
 j - 3 potions of enlightenment
 l - a potion of brilliance
 p - a potion of haste
 t - a potion of attraction
 v - a potion of lignification


   Skills:
 + Level 4.0 Fighting
 + Level 5.0 Maces & Flails
 * Level 3.1 Throwing
 + Level 3.8 Dodging


You had 5 spell levels left.
You didn't know any spells.
Your spell library contained the following spells:

 Spells                   Type           Power      Damage    Failure   Level
 Olgreb's Toxic Radiance  Alch           0%         N/A       99%         4
 Ozocubu's Refrigeration  Ice            0%         4d7       100%        7
 Discord                  Hex            0%         N/A       100%        8


Dungeon Overview and Level Annotations

Branches:
Dungeon (4/15)
 Temple: D:4-7

Altars:
Zin

Shops:
D:3 *

Annotations:
D:3 1 transporter
D:4 3 runed translucent doors, Minsecho's ghost, novice NaWr; Robin


Innate Abilities, Weirdness & Mutations

You are too large for most types of armour.
You have a pair of small horns on your head.
You have tough skin. (AC +1)
You gain doubled healing and magic from potions.
Whenever you drink a healing potion, you attack all around you.


Message History

* * * LOW HITPOINT WARNING * * *
The centaur kicks you.
* * * LOW HITPOINT WARNING * * *
You hit the centaur. You headbutt the centaur.
The centaur is severely wounded.
The centaur hits you.
* * * LOW HITPOINT WARNING * * *
The centaur barely misses you. The endoplasm freezes you.
You are frozen.
* * * LOW HITPOINT WARNING * * *
It was a potion of attraction.
You feel attractive to monsters. The centaur hits you.
* * * LOW HITPOINT WARNING * * *
The centaur closely misses you. The centaur barely misses you.
The centaur kicks you.
* * * LOW HITPOINT WARNING * * *
The endoplasm misses you.
It was a potion of lignification.
You turn into a tree.
Your +0 hat melds into your body.
Your +0 robe melds into your body.
Your roots penetrate the ground.
The centaur hits you but does no damage.
The centaur kicks you but does no damage.
The endoplasm hits you but does no damage.
It was a potion of brilliance.
You feel clever all of a sudden. The centaur barely misses you.
The centaur kicks you but does no damage.
The centaur hits you but does no damage.
The centaur kicks you but does no damage.
The endoplasm hits you but does no damage.
It was a potion of cancellation.
Your magical effects are unravelling.
You feel magically purged.
You feel less wooden.
Your +0 hat unmelds from your body.
Your +0 robe unmelds from your body.
You feel a little less clever now. The centaur hits you.
You die...

## #. #
#.#################
#.##.#................
...........####.....
##.#.###.### #.....
#.c@..##.######.....
.##..J..#.......##...#
#........#.......###...
#.......?........# #..#
..................# #..#
#.......###.......###..#
#.##.#.## #...>...#....#
#. #.#. #.......#.#..# #
#. #####.........


You could see a centaur and an endoplasm.

Vanquished Creatures
  A bombardier beetle (D:3)
  An orc priest (D:4)
  A hound (D:3)
  A sleepcap (D:3)
  3 gnolls (D:2)
  5 adders
  A ribbon worm (D:2)
  2 dart slugs
  An orc (D:4)
  2 ball pythons
  7 bats
  7 endoplasms
  3 giant cockroaches (D:2)
  8 goblins
  4 hobgoblins
  8 jackals
  A quokka (D:1)
  4 frilled lizards
  7 kobolds
  7 rats
74 creatures vanquished.

Notes
Turn   | Place    | Note
-------+----------+-------------------------------------------
     0 | D:1      | Minsecho the Oni Gladiator began the quest for the Orb.
     0 | D:1      | Reached XP level 1. HP: 22/22 MP: 1/1
   133 | D:1      | Reached XP level 2. HP: 11/29 MP: 2/2
   371 | D:1      | Reached XP level 3. HP: 30/36 MP: 3/3
   761 | D:2      | Reached XP level 4. HP: 18/45 MP: 4/4
  1097 | D:2      | Found a glowing silver altar of Zin.
  1333 | D:2      | Found a faded altar of an unknown god.
  1462 | D:2      | Reached skill level 4 in Maces & Flails
  1537 | D:3      | Found a transporter.
  1537 | D:3      | Found Bar Soidwio's Assorted Antiques.
  1560 | D:3      | Reached XP level 5. HP: 41/53 MP: 5/5
  1889 | D:3      | Found a glowing silver altar of Zin.
  2075 | D:3      | Reached XP level 6. HP: 10/62 MP: 6/6
  2385 | D:3      | Found a transporter.
  2398 | D:3      | Bought 2 scrolls labelled LOCWUOZAOT for 50 gold pieces
  2398 | D:3      | Bought a scroll labelled LOCWUOZAOT for 25 gold pieces
  2398 | D:3      | Bought a murky silvery potion for 22 gold pieces
  2490 | D:4      | Noticed Robin
  2514 | D:4      | Reached skill level 5 in Maces & Flails
  2514 | D:4      | Found a runed translucent gate.
  2524 | D:4      | Found a runed translucent gate.
  2525 | D:4      | Found a runed translucent gate.
  2525 | D:4      | Noticed Minsecho's ghost (novice NaWr)
  2562 | D:4      | HP: 2/62 [centaur (2)]
  2565 | D:4      | Slain by a centaur

Illustrated notes

Levels and vault maps discovered:
D:1:      eino_arrival_tree_alley, layout_rooms
D:2:      layout_loops_ring, basic_altar, shapermc_ecumenical_altar_mp_highgroup
D:3:      layout_loops_ring, zin_scriptorium, serial_shops,
          nicolae_shop_drivethru, kennysheep_generic_room_10
D:4:      layout_loops_cross, gammafunk_ghost_nasty_kobolds,
          mainiacjoe_sewer_entry_somewhere_in_here_2, uniq_crazy_yiuf_cottage,
          uniq_robin, uniq_blork_the_orc

Skill      XL: |  1  2  3  4  5  6 |
---------------+-------------------+-----
Dodging        | 3 |  3.8
Fighting       | 3 4 |  4.0
Maces & Flails | 4 5 |  5.0
Throwing       | 3 |  3.1

Action                     |  1- 3 |  4- 6 || total
---------------------------+-------+-------++-------
  Melee: Flail             |    76 |   122 ||   198
         Headbutt          |     8 |    13 ||    21
  Throw: Throwing net      |     1 |       ||     1
         Dart              |     2 |     8 ||    10
    Use: Scroll            |       |     7 ||     7
         Potion            |       |     5 ||     5
 Armour: Robe              |    56 |   118 ||   174
         Skin              |       |     7 ||     7
  Dodge: Dodged            |    41 |    71 ||   112
